[Event "*** SCC Grand Prix: Titled Tuesday Blitz"]
[Site "Chess.com"]
[Date "2020.06.02"]
[Round "8"]
[White "Vitor-Moraes"]
[Black "mikerahal"]
[Result "1/2-1/2"]
[WhiteElo "2027"]
[BlackElo "2237"]
[TimeControl "180+1"]
[EndTime "11:38:17 PDT"]
[Termination "Game drawn by repetition"]

1. e4 e6 2. d4 d5 3. Nd2 c5 4. Ngf3 cxd4 5. exd5 Qxd5 6. Bc4 Qd7 7. O-O Nc6 8. Re1 Nf6 9. Nb3 Bd6 10. Nbxd4 Nxd4 11. Qxd4 O-O 12. c3 Qc7 13. Bg5 Be7 14. Bb3 b6 15.
Rad1 Rd8 16. Qe3 Rxd1 17. Rxd1 Bb7 18. Nd4 Nd5 19. Bxd5 Bxd5 20. Bxe7 Qxe7 21. a3 Rd8 22. Re1 Qf6 23. h3 h6 24. Nb5 a6 25. Nc7 Qg6 26. g3 Qf5 27. Nxd5 Rxd5 28. Kg2 b5 29. Re2 Qb1 30. Rd2 Qf5 31. Rxd5 Qxd5+ 32. Qf3 Qb3 33.
Qe2 g6 34. Qd2 Kh7 35. h4 h5 36. Qf4 Kg7 37. Qe5+ Kg8 38. Qe2 Qd5+ 39. Kh2 Qf5 40.
Kg2 Kh7 41. a4 Qd5+ 42. Kh2 Qc5 43. axb5 axb5 44. Kg2 Kg8 45. Qd2 Kh7 46. Qf4 Qd5+ 47. Kh2 Kg8 48. Qf6 Qc5 49. Qd8+ Kh7 50. Kg2 Qc6+ 51.
Kh2 Qf3 52. Qd4 Qf5 53. b4 Kg8 54. Kg2 Kh7 55. Kh2 Qf3 56. Qe3 Qc6 57. Qd4 Qf3 58. Qe3 Qd5 59. Qd4 Qc6 60. Qe3 Qc4 61. Kg2 Kg8 62. Kh2 Qd5 63. Kg1 Qd1+ 64. Kh2 Qd5 65.
Kg1 Qf5 66. Kh2 Kh7 67. Kg2 Qf6 68. Kh2 Qf5 69. Kg2 Qd5+ 70. Kh2 Qc4 71. Kg1 Qb3 72. Kh2 Qc2 73. Kg2 Qf5 74. Kh2 Qg4 75. Kg2 Qf5 76.
Kh2 Qg4 77. Kg2 Qf5 1/2-1/2

[Event "*** SCC Grand Prix: Titled Tuesday Blitz"]
[Site "Chess.com"]
[Date "2020.06.02"]
[Round "8"]
[White "Twitch_ElhamBlitz05"]
[Black "Ranindu2003"]
[Result "1-0"]
[WhiteElo "2678"]
[BlackElo "2481"]
[TimeControl "180+1"]
[EndTime "11:38:19 PDT"]
[Termination "Twitch_ElhamBlitz05 won on time"]

1. e4 c5 2. Nf3 d6 3. d4 cxd4 4. Nxd4 Nf6 5. f3 e5 6. Nb3 Be6 7. c4 Nbd7 8. Nc3 Rc8 9. Nd5 Bxd5 10. cxd5 Qb6 11. Bd3 Be7 12. Qe2 a6 13. Be3 Qb4+ 14.
Bd2 Qb6 15. Be3 Qb4+ 16. Qd2 Qxd2+ 17. Kxd2 O-O 18. Rac1 Nc5 19. Nxc5 dxc5 20. Rc2 Bd6 21. Rhc1 Nd7 22. b4 c4 23. Rxc4 Rxc4 24. Rxc4 b5 25. Rc6 Bxb4+ 26. Ke2 Nb8 27. Rc7 Bd6 28. Rb7 Rc8 29.
Ba7 Kf8 30. Rb6 Ke7 31. Bxb8 Rxb8 32. Rxa6 Rb7 33. Ra5 b4 34. Bc4 Bc7 35. Ra6 Bd6 36.
Kd3 Kd7 37. Kc2 Kc7 38. Rc6+ Kd7 39. Kb3 Rc7 40. Ra6 Rb7 41. Ra5 Rc7 42. Bb5+ Ke7 43. Bc6 Rc8 44. Ra7+ Kf6 45. Rd7 Bc5 46. Rb7 Bd6 47.
Rxb4 Bxb4 48. Kxb4 Ke7 49. Kb5 Rb8+ 50. Kc5 Rb2 51. d6+ Kd8 52. a4 Ra2 53. g3 Rxh2 54.
a5 Ra2 55. Kb6 Rb2+ 56. Bb5 g5 57. g4 Ra2 58. a6 Ra3 59. a7 Ra2 60. Ba6 Rb2+ 61.
Kc5 1-0

[Event "*** SCC Grand Prix: Titled Tuesday Blitz"]
[Site "Chess.com"]
[Date "2020.06.02"]
[Round "8"]
[White "Zurability"]
[Black "jocmil"]
[Result "1/2-1/2"]
[WhiteElo "2697"]
[BlackElo "2477"]
[TimeControl "180+1"]
[EndTime "11:38:19 PDT"]
[Termination "Game drawn by agreement"]

1. c4 Nf6 2. d4 g6 3. Nc3 Bg7 4. e4 O-O 5. Nf3 d6 6. Be2 e5 7. d5 a5 8. Bg5 Na6 9. Nd2 Nc5 10. O-O Bd7 11. b3 Qe8 12. a3 c6 13.
Qc2 h6 14. Be3 Rc8 15. b4 axb4 16. axb4 Na6 17. Qb2 cxd5 18. cxd5 Ng4 19. Bxg4 Bxg4 20. Na4 Be2 21. Rfe1 Bb5 22. Nb6 Rc7 23. Rec1 Rxc1+ 24. Rxc1 f5 25. f3 Qd8 26. Rc8 Qh4 27. g3 Qh3 28. Qc3 fxe4 29. fxe4 Qg4 30. Rxf8+ Bxf8 31. Bf2 Qe2 32. h4 Bd3 33. Nd7 Be7 34. b5 Nc5 35. Nxc5 dxc5 36. Qxe5 Qxd2 37. Qxe7 Qd1+ 38. Kh2 Qf3 39.
Qe6+ Kg7 40. Qd7+ Kg8 41. Qc8+ Kg7 42. Qc7+ Qf7 43. Qxf7+ Kxf7 44. e5 Be4 45. d6 Ke6 46. Bxc5 Bf5 47. Bd4 Bg4 48. Bc3 Kd7 49. b6 Bf3 50.
Bd2 Bg4 51. Bxh6 Ke6 52. Be3 Kxe5 53. Bf4+ Ke6 54. Kg1 Kd7 55. Kf2 Ke6 56. Ke3 Kd5 57. Kd3 Bf5+ 58. Kc3 Bg4 59. Kb4 Bf5 60. Kc3 Bg4 61.
Kd2 Bf5 62. Ke3 Bg4 63. Bh6 Kxd6 64. Kf4 Bf5 65. g4 Bb1 66. Bg7 Ke7 67. Bd4 Kf7 68.
Ke5 Bc2 69. Be3 Bd1 70. Kf4 Be2 71. Kg5 Bb5 72. h5 gxh5 73. gxh5 Kg8 74. h6 Kh7 75.
Kf6 Bc6 76. Ke5 Bb5 77. Kd6 Ba6 78. Kc7 Kg6 79. Bf4 Kh7 80. Be3 Kg6 81. Bd2 Kh7 82. Kc8 Kg6 83. Be3 Kh7 1/2-1/2

[Event "*** SCC Grand Prix: Titled Tuesday Blitz"]
[Site "Chess.com"]
[Date "2020.06.02"]
[Round "8"]
[White "Angel_Hranitel_37"]
[Black "yobdc"]
[Result "1-0"]
[WhiteElo "2413"]
[BlackElo "2205"]
[TimeControl "180+1"]
[EndTime "11:38:22 PDT"]
[Termination "Angel_Hranitel_37 won on time"]

1. d4 d5 2. c4 e6 3. Nf3 Be7 4.
g3 Nf6 5. Bg2 O-O 6. O-O dxc4 7.
Ne5 c5 8. dxc5 Qc7 9. Nxc4 Qxc5 10. b3 Nc6 11. Nbd2 Rd8 12. Ba3 Qh5 13. Bxe7 Nxe7 14. e4 Qxd1 15. Rfxd1 Bd7 16. e5 Nfd5 17. Ne4 Bc6 18.
Na5 Nb4 19. Nxc6 Nexc6 20. f4 Nc2 21. Rac1 Ne3 22. Rxd8+ Rxd8 23. Nd6 Nxg2 24. Kxg2 f6 25. Nxb7 Rd2+ 26. Kf3 Ne7 27. Rc7 Nd5 28. Rc6 fxe5 29. fxe5 Rxh2 30. Rxe6 Rxa2 31. Nd6 g6 32. Re8+ Kg7 33.
e6 Nf6 34. Re7+ Kh6 35. Rf7 Nd5 36. e7 Nxe7 37. Rxe7 Rb2 38. Rb7 Kg5 39. Nc4 Rb1 40. Nd2 Rb2 41. Ne4+ Kf5 42. Nc5 h5 43. Rxa7 g5 44.
Rf7+ Kg6 45. Rd7 g4+ 46. Ke3 Rg2 47. Ne4 Rb2 48. Rd3 Kf5 49. Nd2 Ra2 50. Rd5+ Kg6 51. b4 Rb2 52. Rd4 Kf5 53. Rd5+ Ke6 54. Rxh5 Rxb4 55.
Ne4 Kf7 56. Rg5 Rb3+ 57. Kf4 Rb4 58. Rxg4 Ra4 59. Rh4 Kg6 60. g4 Rb4 61. g5 Ra4 62.
Rh6+ Kg7 63. Re6 Rb4 64. Kf5 Rb5+ 65. Re5 Rb4 66. Re7+ Kg8 67. Nf6+ Kf8 68. Ra7 Rb5+ 69. Kf4 Rf5+ 70. Ke4 Re5+ 71. Kd4 Ra5 72. g6 1-0

[Event "*** SCC Grand Prix: Titled Tuesday Blitz"]
[Site "Chess.com"]
[Date "2020.06.02"]
[Round "8"]
[White "icychess54"]
[Black "MashaFromRussia"]
[Result "0-1"]
[WhiteElo "2241"]
[BlackElo "2392"]
[TimeControl "180+1"]
[EndTime "11:38:27 PDT"]
[Termination "MashaFromRussia won by checkmate"]

1. c4 e5 2. Nc3 d6 3. Nf3 f5 4. e3 Nf6 5. Be2 g6 6. O-O Bg7 7. b3 O-O 8. Bb2 Nc6 9. d4 e4 10. Nd2 Ne7 11. d5 c5 12. dxc6 bxc6 13. b4 Be6 14. b5 c5 15. f3 exf3 16. Bxf3 Rb8 17. e4 fxe4 18. Ncxe4 Nxe4 19. Bxg7 Kxg7 20. Bxe4 d5 21.
Rxf8 Qxf8 22. cxd5 Nxd5 23. Nf3 Rd8 24. Qc2 Qf6 25.
Re1 Nc3 26. Bc6 Bf5 27. Qb3 Bg4 28. Qa3 Kh6 29. Qxa7 Bxf3 30. Bxf3 Qd4+ 31. Kh1 Qf2 32. Rg1 Re8 33. Qd7 Re1 34. Qh3+ Kg5 35. Qg4+ Kf6 36. Qf4+ Kg7 37. Qc7+ Kf8 38. Qc8+ Ke7 39. Qc7+ Kf6 40.
Qd6+ Kg5 41. Qg3+ Qxg3 42. hxg3 Rxg1+ 43. Kxg1 Nxb5 44. a4 Na7 45. a5 Kf6 46. Kf2 Ke5 47.
Ke3 c4 48. a6 h6 49. g4 g5 50. g3 c3 51. Kd3 Nb5 52. Bc6 c2 53. Kxc2 Nd4+ 54. Kc3 Nxc6 55. Kc4 Kd6 56. Kb5 Kc7 57.
Kc5 Ne5 58. Kd5 Nxg4 59. Ke6 Ne3 60. Kf6 Nf1 61. g4 Ne3 62. Kg6 Nxg4 63. Kh5 Nf6+ 64. Kg6 g4 65. a7 Kb7 66. Kxf6 g3 67. Kf7 g2 68. Kg8 g1=Q+ 69. Kh8 Kxa7 70. Kh7 h5 71. Kh8 h4 72. Kh7 h3 73. Kh8 h2 74. Kh7 h1=Q# 0-1

[Event "*** SCC Grand Prix: Titled Tuesday Blitz"]
[Site "Chess.com"]
[Date "2020.06.02"]
[Round "8"]
[White "AverageRecord"]
[Black "Gloomy_Wanderer"]
[Result "0-1"]
[WhiteElo "2992"]
[BlackElo "2796"]
[TimeControl "180+1"]
[EndTime "11:38:28 PDT"]
[Termination "Gloomy_Wanderer won by checkmate"]

1. d4 Nf6 2. Nf3 e6 3. Bf4 b6 4. e3 Be7 5. h3 O-O 6. Nbd2 c5 7.
c3 cxd4 8. cxd4 Bb7 9. Rc1 Nc6 10. Be2 Rc8 11. O-O Na5 12. a3 Rxc1 13. Qxc1 Qa8 14. b4 Rc8 15. Qb2 Nc6 16. Rc1 Nd8 17. Nc4 Ne4 18.
Ne1 d5 19. Ne5 f6 20. N5f3 Nf7 21. Bb5 Rxc1 22. Qxc1 Qc8 23. Qxc8+ Bxc8 24. Bb8 a6 25. Bd3 Bd6 26. Bxd6 Nfxd6 27. Kf1 g5 28. Ke2 h6 29. Bxe4 Nxe4 30. Nd2 Nd6 31. f3 Bd7 32. e4 Kf7 33. Ke3 Bb5 34. Nc2 Ba4 35. Ne1 Bb5 36. e5 Nf5+ 37. Kf2 Nxd4 38. exf6 Kxf6 39. g3 e5 40. Ng2 Nf5 41. Nb1 Bc6 42. Nd2 d4 43.
Ne1 Nd6 44. Nd3 e4 45. fxe4 Nxe4+ 46. Nxe4+ Bxe4 47. Nb2 Bd5 48. Nd3 Kf5 49. Ne1 Ke4 50. Ke2 Be6 51. h4 gxh4 52. gxh4 Bf5 53. Kd2 Kf4 54. a4 a5 55. bxa5 bxa5 56. Ke2 Ke5 57. Kd2 Bd7 58. Nd3+ Kd5 59. Nb2 Be8 60. Kd3 Bg6+ 61.
Kd2 Kc5 62. Nd1 Kb4 63. Nf2 Kxa4 64. Ng4 h5 65. Ne5 Be4 66. Nf7 Kb4 67. Ng5 Bf5 68.
Nf3 Kc5 69. Kc1 a4 70. Kb2 Bg4 71. Ne5 Kd5 72. Nd3 Bd1 73. Kc1 Bb3 74. Kb2 Ke4 75.
Nc5+ Ke3 76. Nd7 d3 77. Nf6 d2 78. Nxh5 d1=Q 79. Nf6 Qd4+ 80. Ka3 Qxf6 81. h5 Qd6+ 82.
Kb2 Qb4 83. h6 a3+ 84. Ka1 Qe1# 0-1

[Event "*** SCC Grand Prix: Titled Tuesday Blitz"]
[Site "Chess.com"]
[Date "2020.06.02"]
[Round "8"]
[White "Titus369"]
[Black "Dmitry_M1"]
[Result "1/2-1/2"]
[WhiteElo "2561"]
[BlackElo "2391"]
[TimeControl "180+1"]
[EndTime "11:38:33 PDT"]
[Termination "Game drawn - insufficient material"]

1. e4 c6 2. d4 d5 3. Nd2 dxe4 4. Nxe4 Nf6 5. Nxf6+ exf6 6. c3 Bd6 7. Bd3 O-O 8. Ne2 Qc7 9. Be3 c5 10. Qc2 h6 11.
O-O-O c4 12. Bf5 Qa5 13. Bxc8 Rxc8 14. Kb1 Qd5 15. Bf4 Nc6 16. Bxd6 Qxd6 17. Ng3 b5 18. Rhe1 b4 19. Nf5 Qf8 20. d5 b3 21. axb3 cxb3 22. Qd2 Qc5 23. Qf4 Qa5 24. dxc6 Qa2+ 25. Kc1 Qa1+ 26.
Kd2 Qxb2+ 27. Ke3 Re8+ 28. Kf3 Qxc3+ 29. Re3 Qxc6+ 30. Kg3 Rxe3+ 31. fxe3 Qb7 32. Rb1 a5 33. Qg4 g6 34. Nxh6+ Kh7 35. Qh4 Kg7 36. Ng4 Qb6 37. Qh6+ Kg8 38. Rxb3 Qd6+ 39. Kh3 f5 40. Qf4 fxg4+ 41.
Qxg4 Kg7 42. Qd4+ Qxd4 43. exd4 Rd8 44. Ra3 Rxd4 45. Rxa5 Rb4 46. g3 Rc4 47. Ra1 Rb4 48. Ra2 Rc4 49. Kg2 Rb4 50. Rc2 Ra4 51. h4 Rb4 52. Kh3 Ra4 53. Rc3 Rb4 54. Rf3 Ra4 55.
Rb3 Rc4 56. Rb7 Rd4 57. Rc7 Rb4 58. Rc5 Ra4 59. h5 gxh5 60. Rxh5 Rb4 61. Ra5 Rc4 62.
Ra6 Rb4 63. g4 Rc4 64. Ra5 Rc6 65. Kh4 Re6 66. Kg5 Rd6 67. Kf4 Re6 68. Rg5+ Rg6 69. Rh5 Rf6+ 70. Kg3 Re6 71. Rc5 Rd6 72. Kf3 Re6 73.
Kf4 Rf6+ 74. Ke4 Re6+ 75. Kf4 Rf6+ 76. Rf5 Rxf5+ 77. Kxf5 Kf8 78. Kf6 Kg8 79. g5 Kf8 80. Ke5 Kg7 81. Kf5 Kg8 82. Kf6 Kf8 83. g6 fxg6 84.
Kxg6 1/2-1/2

[Event "*** SCC Grand Prix: Titled Tuesday Blitz"]
[Site "Chess.com"]
[Date "2020.06.02"]
[Round "8"]
[White "Maksimus1998"]
[Black "Colombiano07"]
[Result "1/2-1/2"]
[WhiteElo "2522"]
[BlackElo "2358"]
[TimeControl "180+1"]
[EndTime "11:38:38 PDT"]
[Termination "Game drawn - insufficient material"]

1. e4 c5 2. Nf3 g6 3. d4 cxd4 4.
Nxd4 Nf6 5. Nc3 Nc6 6. g3 d5 7. Bg2 dxe4 8. Nxc6 Qxd1+ 9. Kxd1 Bg4+ 10. Ke1 bxc6 11.
Nxe4 Nxe4 12. Bxe4 Bd7 13. b3 Bg7 14. Rb1 O-O-O 15. Be3 Kb8 16. Ke2 f5 17. Bd3 e5 18.
Rbd1 Be6 19. Ba6 e4 20. Bf4+ Ka8 21. Bc7 Rd5 22. c4 Rd4 23. c5 f4 24. Rxd4 Bxd4 25. Bxf4 Bxc5 26. Rc1 Bg4+ 27. Ke1 Rd8 28. Be2 Bb4+ 29.
Kf1 Bh3+ 30. Kg1 Bd2 31. Rd1 Ba5 32. Rc1 Bd2 33. Bxd2 Rxd2 34. Bf1 Bxf1 35. Kxf1 Kb7 36. a4 Rb2 37. Rc4 e3 38. Rb4+ Kc7 39. fxe3 Rxh2 40.
Rf4 Rb2 41. b4 Kd6 42. g4 Ke5 43. g5 Kd5 44. Rf7 Rxb4 45. Rxa7 Rg4 46. Kf2 Rxg5 47.
Rxh7 Rg4 48. a5 Ra4 49. Rg7 Rxa5 50. Rxg6 Ke4 51. Rg4+ Kf5 52. Kf3 Ra1 53. Rh4 Ke5 54. Rh5+ Kd6 55. e4 Re1 56. Kf4 c5 57. Rd5+ Kc6 58.
Rd8 c4 59. e5 Kb5 60. Kf5 Kb4 61. Rb8+ Kc3 62. e6 Kc2 63. Kf6 c3 64. e7 Kd2 65.
Rd8+ Kc1 66. Rc8 c2 67. e8=Q Rxe8 68. Rxe8 Kd2 69. Rc8 c1=Q 70. Rxc1 Kxc1 1/2-1/2

[Event "*** SCC Grand Prix: Titled Tuesday Blitz"]
[Site "Chess.com"]
[Date "2020.06.02"]
[Round "8"]
[White "vladislavkovalev"]
[Black "Kezin_Roman"]
[Result "1-0"]
[WhiteElo "2882"]
[BlackElo "2713"]
[TimeControl "180+1"]
[EndTime "11:38:40 PDT"]
[Termination "vladislavkovalev won on time"]

1. e4 c5 2. Be2 Nc6 3. d3 g6 4. f4 Bg7 5. Nf3 d5 6. c3 Nh6 7. O-O O-O 8. a4 b6 9. Na3 Bb7 10. Kh1 dxe4 11. dxe4 Qxd1 12. Bxd1 Rad8 13. Bc2 Ng4 14. h3 Nf6 15. Re1 Na5 16. Kg1 Nd7 17. Kf2 c4 18. Be3 Rfe8 19. Nb5 a6 20. Nc7 Rf8 21. Rad1 Nc5 22. Bxc5 bxc5 23. Nd5 e6 24. Ne3 Bc6 25. Nd2 Bh6 26. g3 e5 27. Ng4 Bg7 28. Ne3 exf4 29. gxf4 Bh6 30. Kg3 Rb8 31.
Ndxc4 Nxc4 32. Nxc4 Rfe8 33. Rd6 Bb7 34. h4 Bf8 35.
Rb6 Red8 36. Rd1 Rdc8 37. Rd7 Bc6 38. Rxb8 Rxb8 39. Rc7 Bb7 40. a5 Bc8 41. Nb6 Be6 42. f5 Bd6+ 43. Kf3 Bxc7 44. fxe6 fxe6 45. Nc4 Rb5 46.
Ba4 Rb8 47. e5 Kf7 48. Ke4 Ke7 49. Bc6 Rf8 50. Bb7 Rf5 51. Bxa6 Rh5 52. Bb7 Rxh4+ 53.
Kd3 Bb8 54. a6 Rh2 55. Na5 Kd7 56. Nc6 Kc7 57. b4 cxb4 58. cxb4 Rb2 59. Kc3 Rb1 60. Kc2 Ra1 61. b5 h5 62. Kb2 Ra4 63. Kb3 Ra1 64. Kb2 Ra4 65. Kb3 Ra1 66. Kb4 h4 67. Nxb8 Kxb8 68.
b6 h3 69. Kb5 h2 70. Bc6 Rb1+ 71. Ka5 1-0

[Event "*** SCC Grand Prix: Titled Tuesday Blitz"]
[Site "Chess.com"]
[Date "2020.06.02"]
[Round "8"]
[White "1stSecond"]
[Black "IwkooO"]
[Result "0-1"]
[WhiteElo "2704"]
[BlackElo "2592"]
[TimeControl "180+1"]
[EndTime "11:38:41 PDT"]
[Termination "IwkooO won by resignation"]

1. e4 c5 2. Nf3 e6 3. d4 cxd4 4.
Nxd4 Nc6 5. Nc3 a6 6. Nxc6 bxc6 7. Bd3 d5 8. O-O Nf6 9. Re1 Be7 10. e5 Nd7 11. Qg4 Kf8 12. Qh5 Kg8 13. b3 c5 14.
Na4 Bb7 15. c4 d4 16. Bd2 Qc7 17. Be4 g6 18. Qe2 h5 19. Nb2 a5 20. Nd3 a4 21.
Reb1 axb3 22. axb3 Kg7 23. Qf3 Bxe4 24. Qxe4 Nb6 25. h4 Ra7 26. Bg5 Bxg5 27. hxg5 Rha8 28. Rxa7 Rxa7 29. Qf4 Nd7 30. b4 Ra4 31. Nxc5 Nxc5 32. Qf6+ Kh7 33. bxc5 Rxc4 34. Ra1 Qb7 35. Qd8 Qe4 36. Qf8 Qf5 37. g3 Rc2 38. Rf1 Qf3 39.
Qd8 d3 40. Qf6 Qxf6 41. gxf6 Rxc5 42. Rd1 Rxe5 43. Rxd3 Rf5 44. f4 Rxf6 45. Kg2 Rf5 46. Rd7 Kg7 47. Kh3 Rd5 48. Rb7 Kf6 49. Ra7 g5 50.
fxg5+ Rxg5 51. Rb7 Kg6 52. Rb8 Rd5 53. Rg8+ Kf6 54.
Rh8 Kg7 55. Ra8 e5 56. Re8 Kf6 57. Rh8 e4 58. Kg2 Rd2+ 59. Kf1 Kg5 60. Re8 f5 61. Rg8+ Kf6 62. Rh8 Rd3 63. Kg2 Kg6 64. Rg8+ Kf6 65.
Rf8+ Ke5 66. Rh8 Rd2+ 67. Kf1 e3 68. Rxh5 Ke4 69. Rh4+ Kd3 70. Rh8 Rd1+ 71. Kg2 e2 72.
Rd8+ Kc3 73. Rc8+ Kb4 74. Rb8+ Kc5 75. Rc8+ Kb6 76. Re8 e1=Q 77. Rxe1 Rxe1 78. Kf2 Re4 79. Kf3 Kc5 80. g4 Rxg4 0-1

[Event "*** SCC Grand Prix: Titled Tuesday Blitz"]
[Site "Chess.com"]
[Date "2020.06.02"]
[Round "8"]
[White "bratkoo"]
[Black "davekoenig"]
[Result "0-1"]
[WhiteElo "2366"]
[BlackElo "2179"]
[TimeControl "180+1"]
[EndTime "11:38:46 PDT"]
[Termination "davekoenig won by checkmate"]

1. e4 e5 2. Nf3 Nc6 3. Bc4 Nf6 4. d3 Bc5 5. O-O O-O 6. Re1 Re8 7. a4 d6 8. c3 a5 9. Na3 Bg4 10. h3 Bh5 11. Nc2 Bb6 12. Be3 Bxe3 13. Nxe3 Ne7 14.
g4 Bg6 15. h4 h6 16. h5 Bh7 17. Qb3 Rf8 18. Rad1 c6 19. d4 exd4 20. e5 Nfd5 21. cxd4 Nxe3 22. Rxe3 d5 23. Be2 Qd7 24. Ne1 g6 25.
Rg3 Kg7 26. Qf3 Qe6 27. Ng2 g5 28. Ne3 f5 29. gxf5 Nxf5 30. Qg4 Rae8 31. Nxf5+ Bxf5 32. Qf3 Be4 33. Qb3 Re7 34. Bg4 Bf5 35. Be2 Ref7 36. Rd2 Be4 37. Bg4 Qe7 38. e6 Rf4 39. Qe3 Qf6 40. f3 Bf5 41. e7 Re8 42. Bxf5 Rxf5 43. Re2 Qd6 44. Kg2 Rf7 45. Qe6 Qxe6 46. Rxe6 Rfxe7 47. Rg6+ Kh7 48. Rg4 Re6 49. Rxe6 Rxe6 50. Kf2 Kg7 51.
Rg1 Kf6 52. Rc1 Kf5 53. Rc5 Kf4 54. Rxa5 Re3 55. Ra8 Rxf3+ 56. Ke2 Rb3 57. Rh8 Rxb2+ 58. Kd3 Rb3+ 59. Kc2 Rb4 60. Rxh6 Rxd4 61. a5 Ra4 62. Rf6+ Kg4 63. h6 Rxa5 64. Rf8 Ra2+ 65. Kd3 Rh2 66. Rf6 Kg3 67. Ke3 g4 68. Rg6 c5 69. Kd3 Rh3 70.
Ke3 Kg2+ 71. Kf4 Rf3+ 72. Kxg4 Rf8 73. h7 Rh8 74. Kh5+ Kf3 75. Kh6 d4 76. Rg8 Rxh7+ 77. Kxh7 d3 78. Rb8 d2 79. Rd8 Ke2 80. Re8+ Kd3 81. Rd8+ Kc2 82. Rb8 d1=Q 83. Rxb7 Qd3+ 84. Kg7 Qg3+ 85. Kh8 Qh2+ 86. Rh7 Qb8+ 87. Kg7 Qc7+ 88. Kg6 Qxh7+ 89. Kxh7 c4 90. Kg6 c3 91. Kf5 Kd2 92.
Ke4 c2 93. Kd4 c1=Q 94. Ke4 Qc4+ 95. Ke5 Ke3 96. Kf5 Qd5+ 97. Kg4 Qe5 98. Kh4 Qg7 99. Kh5 Kf4 100. Kh4 Qh7# 0-1

[Event "*** SCC Grand Prix: Titled Tuesday Blitz"]
[Site "Chess.com"]
[Date "2020.06.02"]
[Round "8"]
[White "Lubov_Gordyk"]
[Black "Poghosyan_Suren"]
[Result "1-0"]
[WhiteElo "2585"]
[BlackElo "2439"]
[TimeControl "180+1"]
[EndTime "11:38:48 PDT"]
[Termination "Lubov_Gordyk won by resignation"]

1. e4 e6 2. d3 d5 3. Be2 Nf6 4. e5 Nfd7 5. f4 c5 6. Nf3 Nc6 7. O-O f6 8. c4 fxe5 9. cxd5 exd5 10. Nxe5 Ndxe5 11. fxe5 Nxe5 12. d4 Ng6 13. Nc3 Be7 14.
Bb5+ Bd7 15. Qf3 Rf8 16. Qxd5 Rxf1+ 17. Bxf1 Bc6 18. Qg8+ Nf8 19. d5 Bd7 20. Bf4 Qb6 21. Re1 O-O-O 22. Rxe7 Qf6 23. Qxg7 Qxf4 24. g3 Qd4+ 25.
Qxd4 cxd4 26. Ne4 Ng6 27. Rxh7 Ne5 28. Nc5 Bf5 29. Rxb7 d3 30. Rb4 Rxd5 31. Nb3 d2 32. Nxd2 Rxd2 33. Rf4 Bg4 34. Bg2 Kd7 35. h3 Be6 36. g4 Kd6 37. a3 Rxb2 38. g5 Ng6 39.
Rd4+ Ke5 40. Ra4 Nf4 41. Bf1 Bd5 42. Rxa7 Rb1 43. Re7+ Kf5 44. Kf2 Kxg5 45. Re5+ Kf6 46. Re3 Rb2+ 47. Kg3 Ne6 48. Bd3 Nd4 49. Be4 Ne2+ 50.
Kg4 Nd4 51. Bxd5 Rb5 52. Be4 Re5 53. Kg3 Nf5+ 54. Kf4 Nxe3 55. Kxe3 Kg5 56. a4 Ra5 57. Bc6 Kf6 58. Bb5 Ke5 59. Kf3 Ra7 60. h4 Rf7+ 61.
Kg3 Rf4 62. a5 Rb4 63. Be2 Rb2 64. Kf2 Ra2 65. a6 Kf5 66. h5 Kg5 67. Ke3 Ra4 68. Bd3 Ra3 69. Kd4 Ra5 70. Be2 Ra4+ 71. Kc5 Ra5+ 72.
Bb5 Ra2 73. Kb4 Kxh5 74. Ba4 Kg5 75. a7 Rb2+ 76. Bb3 Rf2 77. a8=Q Rf4+ 78. Bc4 Rf5 79.
Qg8+ Kf4 80. Qe6 Re5 81. Qd6 Ke4 82. Bd3+ Kf4 83. Kc4 Ke3 84. Qxe5+ Kd2 85. Qe2+ 1-0

[Event "*** SCC Grand Prix: Titled Tuesday Blitz"]
[Site "Chess.com"]
[Date "2020.06.02"]
[Round "8"]
[White "ChessQueen"]
[Black "LittlePeasant"]
[Result "1/2-1/2"]
[WhiteElo "2661"]
[BlackElo "2796"]
[TimeControl "180+1"]
[EndTime "11:38:55 PDT"]
[Termination "Game drawn by 50-move rule"]

1. e4 c5 2. c3 d5 3. exd5 Qxd5 4.
d4 Nc6 5. Nf3 Bf5 6. Be2 cxd4 7.
cxd4 Bxb1 8. Rxb1 e6 9. O-O Bd6 10.
b3 Nf6 11. Bc4 Qh5 12. h3 O-O 13. Re1 h6 14. a3 Rad8 15. Bb2 Nd5 16. Ne5 Qf5 17.
Bd3 Qf6 18. Nxc6 bxc6 19. Qg4 a5 20. Qe4 g6 21. g3 Rb8 22. Bc4 Qf5 23. Qxf5 gxf5 24.
Bc1 Kg7 25. a4 Bb4 26. Rf1 Rfd8 27. Bxd5 Rxd5 28. Be3 h5 29. Rfc1 Rb6 30. Rc4 Kf8 31. Rbc1 Bd6 32. R1c3 Bb4 33. Rxc6 Bxc3 34. Rxb6 Bxd4 35.
Bxd4 Rxd4 36. Rb5 h4 37. Kg2 hxg3 38. Kxg3 Kg7 39. f3 Rd3 40. Rxa5 Rxb3 41. Rb5 Ra3 42. a5 Kf6 43. h4 Kg6 44. Rc5 f6 45. Rb5 e5 46.
Kf2 f4 47. Ke2 Kh5 48. Rb6 Kxh4 49. Rxf6 Rxa5 50. Rg6 Ra3 51. Kf2 Kh5 52. Rg8 Ra2+ 53. Kf1 Kh6 54. Ke1 Ra6 55. Kf2 Rg6 56. Re8 Rg5 57. Rh8+ Kg6 58. Re8 Kf5 59. Re7 Kf6 60. Re8 Rh5 61. Kf1 Kf7 62. Ra8 Ke6 63. Rd8 Rh2 64.
Ke1 Kf6 65. Kf1 Kg5 66. Re8 Kh4 67. Rg8 Kh3 68. Rg7 Ra2 69. Rg8 Kh4 70. Rg7 Kh5 71. Rg8 Ra6 72. Kf2 Rg6 73. Re8 Rg5 74. Re6 Rf5 75.
Re8 Kg5 76. Rg8+ Kf6 77. Re8 Kf7 78. Ra8 Ke6 79. Ra6+ Kd5 80. Ra5+ Ke6 81. Ra6+ Ke7 82.
Ra7+ Kf8 83. Ra8+ Kg7 84. Re8 Kg6 85. Re6+ Kf7 86. Ra6 Rg5 87. Ra7+ Ke6 88. Ra6+ Kf5 89. Ra8 Rg7 90. Re8 Ra7 91. Ke2 Ra2+ 92. Kf1 Kf6 93. Ke1 Ra5 94. Kf2 Kf7 95. Rb8 Ra2+ 96. Ke1 Ke6 97. Rd8 Rb2 98. Kf1 Rb4 99. Kf2 Rd4 1/2-1/2

[Event "*** SCC Grand Prix: Titled Tuesday Blitz"]
[Site "Chess.com"]
[Date "2020.06.02"]
[Round "8"]
[White "Virgo15"]
[Black "GjakanTati"]
[Result "1-0"]
[WhiteElo "2760"]
[BlackElo "2620"]
[TimeControl "180+1"]
[EndTime "11:38:56 PDT"]
[Termination "Virgo15 won by checkmate"]

1. d4 f6 2. e4 g6 3. h4 h5 4.
Bd3 Nh6 5. e5 f5 6. Nh3 e6 7.
Nf4 Rg8 8. Nxh5 gxh5 9. Bxh6 Qe7 10. Qxh5+ Qf7 11. Qxf7+ Kxf7 12. Bxf8 Kxf8 13. Kf1 Nc6 14. c3 b6 15. Nd2 Bb7 16. Nf3 Ne7 17. h5 Nd5 18. Rh4 Kf7 19. h6 Rg6 20. c4 Nb4 21. Be2 Rh8 22. a3 Rgxh6 23. axb4 Bxf3 24. Bxf3 Rxh4 25.
Rxa7 Rxd4 26. Rxc7 Rd2 27. g3 Rh2 28. Bg2 Ke7 29. Kg1 Rh7 30. c5 bxc5 31. bxc5 Rxb2 32. c6 Rb1+ 33. Bf1 Rd1 34. Kg2 Rh8 35. Bb5 Rb8 36.
Rb7 Ra8 37. cxd7 Kd8 38. Rb6 Rb1 39. Rxe6 Rxb5 40. Re8+ Kxd7 41. Rxa8 Rxe5 42. Kf3 Rb5 43. Kf4 Ke6 44. Ra6+ Kf7 45. Rd6 Ke7 46. Rh6 Kf7 47. f3 Ra5 48. Rc6 Ke7 49. Kg5 Ra3 50. Kf4 Ra5 51.
Rb6 Kf7 52. Rh6 Ke7 53. Kg5 Ra3 54. Kf4 Ra5 55. Rc6 Kf7 56. Kg5 Kg7 57. Rc7+ Kf8 58. f4 Ra3 59. Kxf5 Rxg3 60. Kf6 Kg8 61. f5 Rf3 62.
Rc8+ Kh7 63. Rc4 Rf1 64. Rh4+ Kg8 65. Rg4+ Kf8 66. Rh4 Kg8 67. Rg4+ Kf8 68. Kg6 Ke7 69. Re4+ Kf8 70. Rb4 Ke7 71. Rb7+ Kf8 72. Rb8+ Ke7 73. Rb7+ Kf8 74. Kf6 Kg8 75. Rg7+ Kf8 76. Rg3 Rf2 77. Rh3 Kg8 78. Rc3 Kh7 79. Ke6 Kg7 80. Rg3+ Kf8 81.
Kf6 Rf1 82. Rh3 Kg8 83. Rh2 Kf8 84. Rh8# 1-0

[Event "*** SCC Grand Prix: Titled Tuesday Blitz"]
[Site "Chess.com"]
[Date "2020.06.02"]
[Round "8"]
[White "Munkhzul_Turmunkh"]
[Black "BlackBoarder"]
[Result "1-0"]
[WhiteElo "2602"]
[BlackElo "2623"]
[TimeControl "180+1"]
[EndTime "11:38:56 PDT"]
[Termination "Munkhzul_Turmunkh won on time"]

1. e4 e6 2. d4 d5 3. Nc3 Bb4 4. e5 Ne7 5. a3 Bxc3+ 6. bxc3 c5 7. Qg4 O-O 8. Bd3 f5 9. exf6 Rxf6 10. Bg5 Rf7 11. Qh5 g6 12. Qd1 Qa5 13. Bd2 Nd7 14. Nf3 c4 15. Be2 Nf5 16. O-O Nd6 17. Ng5 Re7 18.
Re1 Nf6 19. Bf3 h6 20. Nh3 g5 21. Re5 Nf7 22. Re1 Bd7 23. g3 Ba4 24. Bg2 Rae8 25.
f4 g4 26. Nf2 h5 27. Rb1 Qc7 28. Rb4 b5 29. Bc1 Qd6 30. Re5 Qb6 31. Re1 Nd6 32. Re5 Nf5 33. Rb1 Qd6 34. Bb2 Kf7 35. Qd2 h4 36.
gxh4 Nxh4 37. Rbe1 Ng6 38. Rf1 Kg7 39. Rg5 Rg8 40.
Nxg4 Nxg4 41. Rxg4 Rf7 42. Qe3 Kf8 43. Bc1 Bxc2 44.
a4 bxa4 45. Rg5 Bf5 46. Bb2 Ne7 47. Qc1 Rxg5 48. fxg5 Bd3 49. Rxf7+ Kxf7 50. Qe3 Nf5 51. Qc1 Kg6 52. Ba3 Qb8 53. Qe1 Qc8 54. h4 Qd7 55. Bf3 Kg7 56. h5 Qf7 57. Qe5+ Kg8 58. g6 Qe8 59. Qf6 Ng7 60. h6 Qxg6+ 61. Qxg6 Bxg6 62.
hxg7 Kxg7 63. Bg4 Kf6 64. Kf2 Bf7 65. Ke3 e5 66. dxe5+ Kxe5 67. Bc5 a6 68. Bc8 Be8 69.
Bxa6 Bd7 70. Bb7 Be8 71. Kd2 Bd7 72. Kc1 Ke4 73. Kb2 Be6 74. Bd4 Bd7 75. Ka3 Be8 76. Ba6 Bd7 77. Bb7 Be8 78. Bc8 Bc6 79. Bg4 Bb5 80. Bd1 Ba6 81. Bxa4 Bc8 82. Kb4 Be6 83.
Kc5 Bf7 84. Bc6 Be6 85. Kd6 Bf7 86. Bd7 Bg8 87. Be6 Bxe6 88. Kxe6 1-0